 Dungeon Crawl Stone Soup version 0.31-a0-175-g9f7f995f2b (webtiles) character file.

Game seed: 11565249646711940733

128 qw the Shooter (level 5, -3/49 HPs)
             Began as a Naga Hunter on June 16, 2023.
             Slain by Duvessa
             ... wielding a +2 short sword of distortion
              (12 damage)
             ... on level 4 of the Dungeon.
             The game lasted 00:00:46 (2128 turns).

qw the Shooter (Naga Hunter)                        Turns: 2128, Time: 00:00:47

Health: -3/49      AC:  5    Str: 13    XL:     5   Next: 11%
Magic:  5/5        EV:  9    Int: 10    God:
Gold:   94         SH:  0    Dex: 16    Spells: 4/4 levels left

rFire   + . .        Y - +0 shortbow
rCold   . . .        (shield currently unavailable)
rNeg    . . .        c - +0 leather armour
rPois   +            d - +1 hat
rElec   .            (no cloak)
rCorr   .            a - +0 pair of gloves
SInv    +            (no barding)
Will    .....        (no amulet)
Stlth   ++           g - ring of protection from fire
HPRegen 0.28/turn    (no ring)
MPRegen 0.09/turn

%: no passive effects
@: about to teleport, short of breath, very slow
A: AC +1, large, see invisible, deformed body, poison resistance, slowness 2,
spit poison 1, naga tail 1
a: Spit Poison


You were on level 4 of the Dungeon.
You visited 1 branch of the dungeon, and saw 4 of its levels.

You collected 226 gold pieces.
You spent 132 gold pieces at shops.


Innate Abilities, Weirdness & Mutations

Your serpentine skin is tough. (AC +1)
You have supernaturally acute eyesight. (SInv)
Armour fits poorly on your strangely shaped body.
Your system is resistant to poisons. (rPois)
You cover ground very slowly.
You can spit poison.
You have a snake-like lower body.


   Skills:
 - Level 3.0 Fighting
 + Level 5.3 Ranged Weapons
 - Level 1.5 Dodging
 - Level 1.5 Stealth


You had 4 spell levels left.
You didn't know any spells.
Your spell library was empty.

Inventory:

Hand Weapons
 Y - a +0 shortbow (weapon)
Armour
 a - a +0 pair of gloves (worn)
 c - a +0 leather armour (worn)
 d - a +1 hat (worn)
Jewellery
 g - a ring of protection from fire (left hand)
 h - a ring of magical power
Potions
 b - a potion of cancellation {unknown}
 e - a potion of might
 f - 2 potions of curing
 l - a potion of mutation
 o - a potion of haste {unknown}

Dungeon Overview and Level Annotations

Branches:
Dungeon (4/15)
 Temple: D:4-7

Altars:

Shops:
D:3 !

Annotations:
D:4 Dowan, Duvessa


Message History

You hear a shout!
You shoot an arrow. The arrow hits Dowan!
Dowan is severely wounded.
Duvessa, Sister of Dowan comes into view.
She is wielding a +2 short sword of distortion.
You shoot an arrow. The arrow barely misses Dowan.
You shoot an arrow. The arrow closely misses Dowan.
Dowan barely misses you.
You shoot an arrow. The arrow barely misses Dowan.
The arrow hits Duvessa!
Duvessa is lightly wounded.
You shoot an arrow. The arrow hits Duvessa.
Duvessa is moderately wounded.
You shoot an arrow. The arrow hits Duvessa.
Duvessa is moderately wounded.
You have got your breath back.
Duvessa hits you with a +2 short sword of distortion.
Space warps around you.
2123 ||| INVOKING Spit Poison.
Aiming: Spit Poison (1% risk of failure)
Press: ? - help, Shift-Dir - straight line, f/p - Duvessa The splash of poison hits Duvessa.
Duvessa is poisoned.
Duvessa is heavily wounded.
Duvessa hits you with a +2 short sword of distortion.
Space warps horribly around you!
You shoot an arrow. The arrow hits Duvessa.
Duvessa is heavily wounded.
Duvessa hits you with a +2 short sword of distortion!
You blink.
You start resting.
Duvessa is nearby!
You shoot an arrow. The arrow hits Duvessa.
Duvessa is severely wounded.
2127 ||| READING scroll of teleportation.
As you read the scroll of teleportation, it crumbles to dust.
You feel strangely unstable.
You shoot an arrow.
The arrow hits Duvessa but does no damage.
Duvessa is severely wounded.
Duvessa hits you with a +2 short sword of distortion.
Space warps horribly around you!
You die...

...#......#.###.##.#
#.#
...#.....###...###.#
#.# ....#)###.#....#
#.# #.#
...###...#.....# ..#
#># ###.#....#....##
### #.# . #.....#...##
#.# . #....#.###.##
#.# .
#..[###.e.#e#######.#
#.###.#....#.e@......#
## #.....###########
#....# #...# #.### ##


You could see Duvessa (poisoned) and Dowan.

Vanquished Creatures
  7 adders
  A worm (D:2)
  5 orcs
  6 ball pythons
  4 bats
  2 endoplasms
  2 giant cockroaches
  7 goblins
  5 hobgoblins
  3 quokkas
  4 frilled lizards
  5 kobolds
  7 rats
58 creatures vanquished.

Notes
Turn   | Place    | Note
-------+----------+-------------------------------------------
     0 | D:1      | qw the Naga Hunter began the quest for the Orb.
     0 | D:1      | Reached XP level 1. HP: 19/19 MP: 1/1
     0 | D:1      | 0 ||| qw: Version: 0.2-a-29-g511e9b1
     0 | D:1      | 0 ||| qw: Game counter: 5783
     0 | D:1      | 0 ||| qw: Always use a shield: true
     0 | D:1      | 0 ||| qw: God list: Okawaru
     0 | D:1      | 0 ||| qw: Allow faded altars: false
     0 | D:1      | 0 ||| qw: Do Orc after D:15 true
     0 | D:1      | 0 ||| qw: Do second Lair branch before Depths: true
     0 | D:1      | 0 ||| qw: Lair rune preference: random
     0 | D:1      | 0 ||| qw: Plans: Normal
     0 | D:1      | 0 ||| PLANNING D:1-11
    38 | D:1      | 38 ||| INVOKING Spit Poison.
    99 | D:1      | 99 ||| INVOKING Spit Poison.
   104 | D:1      | 104 ||| INVOKING Spit Poison.
   121 | D:1      | 121 ||| INVOKING Spit Poison.
   148 | D:1      | Reached skill level 4 in Ranged Weapons
   148 | D:1      | Reached XP level 2. HP: 26/26 MP: 2/2
   157 | D:1      | 157 ||| INVOKING Spit Poison.
   166 | D:1      | 166 ||| INVOKING Spit Poison.
   171 | D:1      | 171 ||| INVOKING Spit Poison.
   242 | D:1      | 242 ||| INVOKING Spit Poison.
   246 | D:1      | 246 ||| INVOKING Spit Poison.
   298 | D:1      | 298 ||| INVOKING Spit Poison.
   496 | D:1      | 496 ||| INVOKING Spit Poison.
   497 | D:1      | Reached XP level 3. HP: 32/32 MP: 3/3
   714 | D:1      | 714 ||| UPGRADING to +1 hat.
   719 | D:1      | 719 ||| DROPPING scroll of butterflies.
   776 | D:2      | 776 ||| INVOKING Spit Poison.
   797 | D:2      | 797 ||| INVOKING Spit Poison.
   825 | D:2      | 825 ||| INVOKING Spit Poison.
   852 | D:2      | 852 ||| INVOKING Spit Poison.
   857 | D:2      | 857 ||| INVOKING Spit Poison.
   870 | D:2      | 870 ||| INVOKING Spit Poison.
   908 | D:2      | 908 ||| INVOKING Spit Poison.
   910 | D:2      | 910 ||| INVOKING Spit Poison.
   926 | D:2      | 926 ||| INVOKING Spit Poison.
   932 | D:2      | Reached skill level 5 in Ranged Weapons
   932 | D:2      | Reached XP level 4. HP: 31/39 MP: 4/4
  1030 | D:2      | 1030 ||| INVOKING Spit Poison.
  1066 | D:2      | 1066 ||| INVOKING Spit Poison.
  1072 | D:2      | 1072 ||| INVOKING Spit Poison.
  1115 | D:2      | 1115 ||| INVOKING Spit Poison.
  1149 | D:2      | 1149 ||| INVOKING Spit Poison.
  1329 | D:2      | Identified the +0 chain mail of Miracles {rPois Int+3}
  1394 | D:2      | 1394 ||| UPGRADING to ring of protection from fire.
  1395 | D:2      | 1395 ||| READING scroll labelled OCAOFF LYAL.
  1428 | D:3      | 1428 ||| Stepping ~*~*~tactically~*~*~ (outnumbered).
  1429 | D:3      | 1429 ||| INVOKING Spit Poison.
  1432 | D:3      | 1432 ||| INVOKING Spit Poison.
  1541 | D:3      | 1541 ||| INVOKING Spit Poison.
  1549 | D:3      | 1549 ||| INVOKING Spit Poison.
  1604 | D:3      | 1604 ||| INVOKING Spit Poison.
  1641 | D:3      | 1641 ||| INVOKING Spit Poison.
  1654 | D:3      | Found Georap's Distillery.
  1657 | D:3      | 1657 ||| BUYING potion of curing (36 gold).
  1657 | D:3      | Bought a potion of curing for 36 gold pieces
  1657 | D:3      | 1657 ||| SHOPLISTING potion of haste (120 gold, have 111).
  1657 | D:3      | 1657 ||| BUYING potion of mutation (96 gold).
  1657 | D:3      | Bought a potion of mutation for 96 gold pieces
  1657 | D:3      | 1657 ||| SHOPLISTING potion of mutation (96 gold, have 15).
  1684 | D:3      | 1684 ||| INVOKING Spit Poison.
  1751 | D:3      | 1751 ||| INVOKING Spit Poison.
  1758 | D:3      | Reached skill level 3 in Fighting
  1885 | D:3      | 1885 ||| INVOKING Spit Poison.
  1957 | D:3      | 1957 ||| UPGRADING to +0 pair of gloves.
  1962 | D:3      | 1962 ||| DROPPING ring of wizardry.
  1963 | D:3      | 1963 ||| READING scroll labelled ANALIY KEIMUME.
  1964 | D:3      | 1964 ||| READING scroll labelled IGYEJA SOLISUI.
  1965 | D:3      | 1965 ||| READING 2 scrolls labelled ORHU ELAUQE.
  1966 | D:3      | 1966 ||| READING scroll labelled NOC SUNOURUVIP.
  1967 | D:3      | 1967 ||| DRINKING 2 red potions.
  1968 | D:3      | 1968 ||| DROPPING scroll of noise.
  1987 | D:4      | 1987 ||| INVOKING Spit Poison.
  1991 | D:4      | 1991 ||| INVOKING Spit Poison.
  1999 | D:4      | 1999 ||| INVOKING Spit Poison.
  2003 | D:4      | Reached XP level 5. HP: 49/49 MP: 5/5
  2004 | D:4      | 2004 ||| INVOKING Spit Poison.
  2009 | D:4      | 2009 ||| INVOKING Spit Poison.
  2012 | D:4      | 2012 ||| INVOKING Spit Poison.
  2053 | D:4      | 2053 ||| INVOKING Spit Poison.
  2067 | D:4      | 2067 ||| INVOKING Spit Poison.
  2073 | D:4      | 2073 ||| INVOKING Spit Poison.
  2115 | D:4      | Noticed Dowan
  2116 | D:4      | 2116 ||| INVOKING Spit Poison.
  2117 | D:4      | Noticed Duvessa
  2123 | D:4      | 2123 ||| INVOKING Spit Poison.
  2124 | D:4      | HP: 8/49 [Duvessa/+2 short sword of distortion (10)]
  2127 | D:4      | 2127 ||| READING scroll of teleportation.
  2128 | D:4      | Slain by Duvessa

Levels and vault maps discovered:
D:1:      amcnicky_arrival_blooded_trapdoor, layout_loops_ring,
          kennysheep_decorative_pillar
D:2:      wad_crossroads, layout_basic, minmay_tree_intersection,
          minmay_tetromino_t4
D:3:      layout_basic, serial_shops, nicolae_shop_pleasant_corner_grove,
          serial_glass, glass_columns_a, glass_columns_a, glass_columns_a,
          glass_columns_b, glass_columns_a, glass_columns_a, glass_columns_a,
          glass_columns_c, minmay_strange_pillars, due_unseen_surprise,
          feat_on_display
D:4:      nicolae_BIG_FREAKIN_CUBE, layout_loops_ring, serial_shops, shop,
          shop_statue, shop, shop, nicolae_shop_bloodbath_and_beyond,
          uniq_eustachio, uniq_edmund, uniq_duvessa

Skill      XL: |  1  2  3  4 |
---------------+-------------+-----
Ranged Weapons | 4 5 |  5.3
Fighting       | 3 |  3.0
Dodging        | |  1.5
Stealth        | |  1.5

Action                     |  1- 3 |  4- 6 || total
---------------------------+-------+-------++-------
   Fire: Shortbow          |    48 |    53 ||   101
Ability: Spit Poison       |    19 |    25 ||    44
    Use: Scroll            |       |     6 ||     6
         Potion            |       |     1 ||     1
 Armour: Leather armour    |     5 |     6 ||    11
  Dodge: Dodged            |     7 |     9 ||    16

Table legend:
 A = Non-vault XP
 B = Vault XP
 C = Vault XP percentage of total XP
 D = Non-vault monster count
 E = Vault monster count
 F = Vault count percentage of total count
                 A         B        C        D         E       F
            +---------+---------+-------+---------+---------+-------
      Total |     151 |      32 |  17.5 |      52 |       6 |  10.3
            +---------+---------+-------+---------+---------+-------
        D:1 |      34 |       0 |   0.0 |      22 |       0 |   0.0
        D:2 |      48 |      32 |  40.0 |       7 |       6 |  46.2
        D:3 |      42 |       0 |   0.0 |      10 |       0 |   0.0
        D:4 |      27 |       0 |   0.0 |      13 |       0 |   0.0
            +---------+---------+-------+---------+---------+-------
